 Dungeon Crawl Stone Soup version 0.14-a0-2632-gd2f732a (webtiles) character file.

579 4tharraofdagon the Bolt Thrower (level 7, -1/41 HPs)
             Began as a Kobold Hunter on Feb 15, 2014.
             Was a Follower of Cheibriados.
             Shot with an arrow by a centaur (5 damage)
             ... on Level 5 of the Dungeon.
             The game lasted 00:08:39 (1268 turns).

4tharraofdagon the Bolt Thrower (Kobold Hunter)     Turns: 1268, Time: 00:08:39

HP  -1/41        AC 17     Str 15      XL: 7   Next: 34%
MP   8/8         EV  5     Int 11      God: Cheibriados [*.....]
Gold 99          SH  0     Dex 18      Spells:  0 memorised,  6 levels left

rFire  . . .     SeeInvis .     b - +1 crossbow
rCold  . . .     Clarity  .     h - +2 plate armour
rNeg   . . .     Conserve .     (no shield)
rPois  .         rCorr    .     (no helmet)
rElec  .         rRot     .     e - +1 cloak
SustAb . .       Spirit   .     (no gloves)
rMut   .         Warding  .     E - +1 pair of elf boots
Saprov + + .     Stasis   .     (no amulet)
MR     .....                    (no ring)
                                (no ring)

@: very slow, not resistant to hostile enchantments, extremely unstealthy
A: disease resistance, carnivore 3, saprovore 2
a: Bend Time, Renounce Religion


You were on level 5 of the Dungeon.
You worshipped Cheibriados.
Cheibriados was aware of your devotion.
You were very full.

You visited 2 branches of the dungeon, and saw 6 of its levels.

You collected 99 gold pieces.

Inventory:

Hand weapons
 a - a +0,+0 short sword
 b - a +1,+1 crossbow (weapon)
 D - a +1,+6 trident
Missiles
 c - 6 bolts (quivered)
 j - 2 poisoned darts
 o - 13 bolts of penetration
 t - a dart of dispersal
 y - 22 poisoned needles
 C - 2 exploding darts
Armour
 d - a +0 leather armour
 e - a +1 cloak (worn)
 h - a +2 plate armour (worn)
 m - a +0 buckler
 r - a +0 chain mail
 E - a +1 pair of elven boots (worn)
Magical devices
 B - a wand of digging (11)
Comestibles
 f - 3 meat rations
 k - a choko
Scrolls
 g - 4 scrolls of teleportation
 n - 2 scrolls of enchant weapon II {unknown}
 s - 2 scrolls of identify {unknown}
 u - a scroll of amnesia {unknown}
 w - 2 scrolls of noise {unknown}
 A - a scroll of remove curse {unknown}
Jewellery
 i - an uncursed amulet of clarity {unknown}
 p - an uncursed ring of ice
Potions
 l - a potion of poison {unknown}
 v - a potion of invisibility {unknown}
 x - a potion of flight {unknown}
 z - a potion of lignification {unknown}
Magical staves
 q - an uncursed staff of poison


   Skills:
 + Level 3.5 Fighting
 * Level 7.3 Crossbows
 + Level 2.1 Armour
 + Level 4.2 Dodging
 - Level 1.3 Stealth
 + Level 1.0 Invocations
 + Level 1.3 Evocations


You had 6 spell levels left.
You didn't know any spells.

Dungeon Overview and Level Annotations

Branches:
Dungeon (5/16)             Temple (1/1) D:4

Altars:
Cheibriados
Fedhas
Kikubaaqudgha
Makhleb
Nemelex Xobeh
Okawaru
Vehumet
Xom
Yredelemnul
The Shining One


Innate Abilities, Weirdness & Mutations

You recuperate from illness quickly.
You are small and have problems with some larger weapons.
You are carnivorous and can eat meat at any time.
You can eat rotten meat.


Message History

You destroy the phantom!
Cheibriados appreciates the change of pace.
Cheibriados raises the support of your attributes as your movement slows.
Your Invocations skill increases to level 1!
c - 4 bolts (gained 1)
c - 5 bolts (gained 1)
c - 6 bolts (gained 1)
You see here a pair of elven boots.
E - a pair of elven boots Wear which item? (? for menu, Esc to quit)
You start putting on your armour.
You continue putting on your pair of elven boots.
You finish putting on your +1 pair of elven boots.
A centaur comes into view.
The centaur shouts!
The centaur wields a glowing bow.
The centaur shoots an arrow.
The arrow hits you!
* * * LOW HITPOINT WARNING * * *
The centaur shoots an arrow.
The arrow hits you!
You die...

#.# #.# #
####.####.###
#
#............
#
#.###########
# #.# # #.# #
#.# # #.# #
#@# # #(# #
#(# #(# ...
#.. #.. #..#
#.c


You could see a centaur.

Vanquished Creatures
  2 ogres
  A phantom (D:5)
  A centaur (D:5)
  The ghost of 4tharraofdagon the Skirmisher, a weakling HuFi of Zin (D:5)
  2 crimson imps
  An adder (D:4)
  A giant gecko (D:2)
  An orc (D:4)
  A ball python (D:4)
  A giant cockroach (D:2)
  2 goblins
  2 hobgoblins
  4 jackals
  4 kobolds
  2 bats (D:4)
  3 giant newts
  3 rats
32 creatures vanquished.

Notes
Turn   | Place    | Note
--------------------------------------------------------------
     0 | D:1      | 4tharraofdagon, the Kobold Hunter, began the quest for the Orb.
     0 | D:1      | Reached XP level 1. HP: 12/12 MP: 1/1
    89 | D:2      | Reached skill level 5 in Crossbows
   113 | D:2      | Reached XP level 2. HP: 14/16 MP: 2/2
   311 | D:4      | Noticed an ogre
   317 | D:4      | Killed an ogre
   317 | D:4      | Reached skill level 6 in Crossbows
   317 | D:4      | Reached skill level 1 in Armour
   317 | D:4      | Reached XP level 3. HP: 4/21 MP: 3/3
   317 | D:4      | Reached XP level 4. HP: 4/26 MP: 4/4
   317 | D:4      | Reached XP level 5. HP: 4/30 MP: 5/5
   540 | D:4      | Found a staircase to the Ecumenical Temple.
   546 | Temple   | Entered the Ecumenical Temple
   633 | Temple   | Became a worshipper of Cheibriados the Contemplative
   982 | D:5      | Entered Level 5 of the Dungeon
  1036 | D:5      | Noticed a phantom
  1069 | D:5      | Noticed 4tharraofdagon's ghost (weakling HuFi)
  1074 | D:5      | Killed 4tharraofdagon's ghost
  1074 | D:5      | Reached XP level 6. HP: 31/36 MP: 6/6
  1083 | D:5      | Noticed an ogre
  1088 | D:5      | Killed an ogre
  1173 | D:5      | Noticed a centaur
  1178 | D:5      | Killed a centaur
  1178 | D:5      | Reached skill level 7 in Crossbows
  1178 | D:5      | Reached XP level 7. HP: 2/41 MP: 7/7
  1226 | D:5      | Reached skill level 1 in Evocations
  1255 | D:5      | Killed a phantom
  1255 | D:5      | Reached skill level 1 in Invocations
  1268 | D:5      | Noticed a centaur
  1268 | D:5      | Shot with an arrow by a centaur

Action                   |  1- 3 |  4- 6 |  7- 9 || total
-------------------------+-------+-------+-------++-------
Melee: Short sword       |    24 |    34 |       ||    58
 Fire: Crossbow          |    18 |    19 |    20 ||    57
Evoke: Wand              |       |     1 |       ||     1
  Use: Scroll            |       |     1 |       ||     1
